 Dungeon Crawl Stone Soup version 0.20.1-1-g8b1a95d (webtiles) character file.

570 Lanoc the Ruffian (level 7, -8/67 HPs)
             Began as a Troll Berserker on Nov 17, 2017.
             Was a Believer of Trog.
             Mangled by an ogre
             ... wielding a +0 giant spiked club
              (21 damage)
             ... on level 5 of the Dungeon.
             The game lasted 00:22:39 (1583 turns).

Lanoc the Ruffian (Troll Berserker)                 Turns: 1583, Time: 00:22:39

Health: -8/67      AC:  5    Str: 27    XL:     7   Next: 11%
Magic:  6/6        EV: 11    Int:  3    God:    Trog [**....]
Gold:   95         SH:  0    Dex: 10    Spells: 6/6 levels left

rFire    + . .     SeeInvis .   d - +3 scythe
rCold    + . .     Gourm    +   (shield currently unavailable)
rNeg     . . .     Faith    .   g - +0 robe {rC+ rF+}
rPois    .         Spirit   .   (helmet restricted)
rElec    .         Reflect  .   (no cloak)
rCorr    +         Harm     .   (gloves unavailable)
MR       .....                  (boots unavailable)
Stlth    +.........             (no amulet)
Regen    0.7/turn               n - ring of resist corrosion
MPRegen  0.1/turn               (no ring)

@: no status effects
A: unfitting armour, claws 3, fast metabolism 3, gourmand, regeneration 1,
shaggy fur 1, tough skin 2
a: Berserk, Trog's Hand, Burn Spellbooks, Renounce Religion


You were on level 5 of the Dungeon.
You worshipped Trog.
Trog was pleased with you.
You were very full.

You visited 2 branches of the dungeon, and saw 6 of its levels.

You collected 95 gold pieces.

Inventory:

Hand Weapons
 d - a +3 scythe (weapon)
 l - a +0 hunting sling
 r - a cursed -1 dagger
Missiles
 f - 58 sling bullets (quivered)
 p - 18 poisoned needles
Armour
 a - a +0 animal skin
 g - a +0 robe of resistance (worn)
Jewellery
 n - a ring of resist corrosion (left claw)
Scrolls
 c - 2 scrolls of remove curse
 e - a scroll of identify
 i - 2 scrolls of magic mapping
Potions
 j - 2 potions of brilliance {unknown}
 k - a potion of curing {unknown}
 m - 2 potions of heal wounds
Comestibles
 b - 5 bread rations
 h - a royal jelly
 o - a meat ration


   Skills:
 + Level 3.6 Fighting
 + Level 2.5 Polearms
 + Level 0.3 Slings
 + Level 4.4 Dodging
 + Level 0.5 Stealth
 + Level 4.5 Unarmed Combat


You had 6 spell levels left.
You didn't know any spells.

Dungeon Overview and Level Annotations

Branches:
Dungeon (5/15)             Temple (1/1) D:4

Altars:
Cheibriados
Dithmenos
Fedhas
Gozag
Kikubaaqudgha
Makhleb
Nemelex Xobeh
Okawaru
Qazlal
Ru
Sif Muna
Trog
Uskayaw
Vehumet
Xom
Yredelemnul
Zin

Annotations:
D:5 Blork the orc, Pikel


Innate Abilities, Weirdness & Mutations

You are too large for most types of armour.
You have claws for hands.
Your metabolism is lightning-fast.
You like to eat raw meat.
Your natural rate of healing is unusually fast.
You are covered in fur. (AC +1)
You have very tough skin. (AC +2)


Message History

You slash the adder!
You kill the adder!
Trog accepts your kill. The jelly hits you but does no damage.
You slash the jelly!
Your claws burn!
The jelly is heavily wounded.
The jelly misses you. x2
You slice the jelly!!
You kill the jelly!
Trog accepts your kill.
The ogre hits you with a giant spiked club!!
* * * LOW HITPOINT WARNING * * *
You barely miss the ogre.
The ogre is heavily wounded.
The ogre hits you with a giant spiked club.
* * * LOW HITPOINT WARNING * * *
You hit the ogre.
The ogre is heavily wounded.
The ogre hits you with a giant spiked club!!
You die...

.............
........###+##
.............#
.........##..#
.........##..#
.........##..#
#+###....##..##
.............p######
#.##......#..pKO@..#
............#p####.#
#.#.......###.# ..
#.#.......##..# .#
#.....K........ #
?...........#≈#
..........###≈≈
..........# ≈≈≈
.........#≈≈


You could see Pikel, an ogre and 3 slaves.

Vanquished Creatures
  Sigmund (D:2)
  The ghost of pichaelthompson the Skirmisher, an amateur DsBe of Trog (D:4)
  A hound (D:4)
  A jelly (D:5)
  An iguana (D:4)
  Terence (D:2)
  Natasha (twice) (D:2)
  A worker ant zombie (D:5)
  3 gnolls (D:3)
  4 adders
  A worm (D:3)
  A dart slug (D:1)
  3 orcs (D:5)
  A ball python (D:4)
  4 bats
  2 giant cockroaches
  2 goblins
  3 hobgoblins
  3 kobolds (D:3)
  4 quokkas
  A frilled lizard (D:2)
  3 rats
44 creatures vanquished.

Notes
Turn   | Place    | Note
-------+----------+-------------------------------------------
     0 | D:1      | Lanoc the Troll Berserker began the quest for the Orb.
     0 | D:1      | Reached XP level 1. HP: 22/22 MP: 0/0
   120 | D:1      | Reached XP level 2. HP: 29/29 MP: 1/1
   229 | D:2      | Noticed Natasha
   233 | D:2      | Killed Natasha
   233 | D:2      | Reached XP level 3. HP: 30/36 MP: 2/2
   253 | D:2      | Noticed Sigmund
   280 | D:2      | Killed Sigmund
   280 | D:2      | Reached XP level 4. HP: 11/45 MP: 3/3
   280 | D:2      | Reached XP level 5. HP: 13/53 MP: 4/4
   400 | D:2      | Found a blossoming altar of Fedhas.
   420 | D:2      | Noticed Terence
   430 | D:2      | Killed Terence
   503 | D:2      | Noticed Natasha
   512 | D:2      | Killed Natasha
   701 | D:3      | Reached XP level 6. HP: 58/61 MP: 5/5
   849 | D:3      | Reached ** piety under Trog
   894 | D:3      | Reached skill level 1 in Polearms
  1070 | D:5      | Entered Level 5 of the Dungeon
  1083 | D:5      | Noticed Blork the orc
  1084 | D:5      | Noticed a sky beast
  1104 | D:4      | Found a staircase to the Ecumenical Temple.
  1128 | Temple   | Entered the Ecumenical Temple
  1377 | D:4      | Noticed pichaelthompson's ghost (amateur DsBe)
  1383 | D:4      | Killed pichaelthompson's ghost
  1383 | D:4      | Reached XP level 7. HP: 60/67 MP: 6/6
  1480 | D:5      | Noticed Pikel
  1583 | D:5      | Mangled by an ogre

Skill      XL: |  1  2  3  4  5  6 |
---------------+-------------------+-----
Dodging        | 3 4 |  4.4
Fighting       | 3 |  3.6
Unarmed Combat | 4 |  4.5
Polearms       | 2 |  2.5
Slings         | |  0.3
Stealth        | |  0.5

Action                   |  1- 3 |  4- 6 |  7- 9 || total
-------------------------+-------+-------+-------++-------
Melee: Unarmed           |    42 |       |       ||    42
       Club              |     4 |       |       ||     4
       Scythe            |       |    72 |    35 ||   107
       Hunting sling     |       |     5 |       ||     5
 Fire: Hunting sling     |       |    15 |       ||    15
  Use: Scroll            |     1 |     4 |     1 ||     6
       Potion            |     1 |     1 |       ||     2
  Eat: Chunk             |     3 |    16 |       ||    19
Armor: Animal skin       |    10 |       |       ||    10
       Skin              |     5 |       |       ||     5
       Robe              |       |    67 |    12 ||    79
Dodge: Dodged            |    25 |   120 |    45 ||   190
